Map: Cerulean Fall LE

Players

Serral

  • Race: Zerg Zerg
  • Spawn Location: 7:00

Lambo - Winner!

  • Race: Zerg Zerg
  • Spawn Location: 1:00

Event: WCS Montreal 2018

VOD

Have the link to the VOD?

Description

Time

  • Played on: Sept. 9, 2018, 2:34 p.m.
  • Length: 10:37

All games in this series

Show
View Real Time Build Order
Export as new Build Order

Serral Zerg 

Build Orders: Hatch First 

Get SALT Encoding   

  12  0:00  Drone  
  13  0:12  Overlord  
  13  0:17  Drone  
  14  0:31  Drone x2  
  16  0:48  Hatchery  
  15  0:52  Drone  
  15  0:55  Drone  
  17  0:58  Drone  
  18  1:09  Extractor  
  17  1:14  Spawning Pool  
  17  1:17  Drone  
  17  1:20  Drone  
  18  1:28  Drone  
  19  1:41  Drone  
  20  1:50  Overlord  
  20  2:00  Queen  
  20  2:01  Queen  
  22  2:02  Zergling x2  
  22  2:03  Drone  
  26  2:10  Drone  
  26  2:12  Drone  
  28  2:22  Drone x2  
  30  2:36  Overlord  
  30  2:37  Drone  
  30  2:44  Drone x2  
  33  2:45  Queen  
  33  2:50  Hatchery  
  34  2:53  Drone  
  34  2:56  Drone  
  36  3:04  Drone x2  
  38  3:12  Drone x2  
  40  3:14  Evolution Chamber  
  40  3:16  Lair  
  40  3:17  Drone  
  40  3:19  Drone  
  41  3:21  Drone  
  42  3:28  Roach Warren  
  42  3:30  Overlord  
  42  3:33  Drone  
  42  3:36  Drone  
  42  3:37  Extractor x2  
  42  3:38  Drone  
  42  3:42  Zerg Missile Weapons Level 1  
  42  3:44  Drone  
  42  3:46  Drone  
  43  3:48  Drone  
  43  3:51  Drone x2  
  43  3:54  Drone  
  43  3:55  Drone  
  48  3:56  Drone  
  48  4:00  Drone  
  48  4:02  Overlord  
  50  4:09  Drone x2  
  52  4:13  Drone, Glial Reconstitution  
  52  4:16  Overseer  
  53  4:20  Drone  
  54  4:26  Drone x4  
  54  4:27  Overlord  
  54  4:29  Roach x2  
  62  4:32  Overlord  
  66  4:38  Roach x2  
  66  4:40  Overseer  
  66  4:41  Overlord  
  66  4:44  Extractor  
  67  4:45  Roach  
  67  4:46  Roach  
  67  4:47  Roach  
  67  4:50  Roach  
  67  4:52  Roach  
  75  4:54  Roach  
  77  5:01  Drone x6  
  77  5:03  Drone  
  77  5:04  Overseer, Drone  
  85  5:10  Overseer, Roach x2  
  85  5:11  Overlord  
  89  5:14  Overlord  
  89  5:18  Drone  
  90  5:23  Overlord  
  90  5:26  Extractor  
  90  5:27  Drone  
  90  5:28  Extractor  
  89  5:29  Overlord  
  89  5:30  Drone x4  
  89  5:31  Drone  
  89  5:33  Overseer, Drone x3  
  89  5:34  Drone x2  
  99  5:36  Ravager  
  99  5:39  Ravager x3  
  103  5:44  Roach x2  
  103  5:47  Roach x2  
  111  5:53  Roach  
  113  5:57  Overlord  
  113  5:58  Overlord  
  113  5:59  Roach x4  
  113  6:01  Zerg Missile Weapons Level 2  
  121  6:06  Overlord  
  121  6:07  Overlord  
  121  6:08  Overlord  
  121  6:15  Overlord  
  121  6:17  Roach x5  
  121  6:18  Roach  
  133  6:20  Ravager  
  133  6:21  Ravager x2  
  133  6:24  Roach  
  138  6:29  Roach x2  
  138  6:31  Roach x3  
  138  6:32  Roach x2  
  152  6:38  Roach x3  
  158  6:44  Roach x4  
  166  6:53  Overlord x2  
  166  6:55  Overlord  
  166  7:02  Tunneling Claws  
  166  7:03  Burrow  
  166  7:11  Pneumatized Carapace  
  166  7:12  Roach  
  166  7:13  Roach x5  
  166  7:14  Hatchery  
  177  7:18  Roach x3  
  183  7:23  Overseer  
  183  7:26  Roach  
  185  7:39  Overlord x2  
  185  7:44  Overlord  
  185  7:56  Queen  
  185  7:57  Spine Crawler  
  186  7:58  Spine Crawler  
  186  7:59  Overseer  
  186  8:01  Overseer  
  186  8:03  Overseer  
  184  8:09  Roach x17  
  184  8:14  Spine Crawler  
  184  8:18  Roach x9  
  184  8:19  Hatchery  
  188  8:33  Roach x4  
  186  8:36  Overseer  
  186  8:37  Roach x7  
  196  8:41  Roach x3  
  196  8:42  Roach  
  196  8:43  Roach x3  
  196  8:46  Roach x11  
  190  8:48  Roach  
  190  8:49  Roach x2  
  190  8:50  Roach  
  156  8:56  Roach x6  
  156  9:00  Roach  
  156  9:02  Roach x2  
  139  9:07  Roach  
  139  9:08  Roach x2  
  139  9:09  Roach  
  125  9:10  Roach x4  
  125  9:14  Roach x4  
  125  9:15  Roach x4  
  129  9:17  Roach x2  
  129  9:18  Roach  
  129  9:21  Roach  
  105  9:25  Roach x2  
  105  9:30  Queen x2  
  107  9:33  Roach  
  107  9:37  Roach x5  
  107  9:44  Roach x2  
  105  9:48  Roach x5  
  105  9:49  Roach  
  111  9:54  Roach  
  111  9:56  Roach x2  
  111  9:59  Roach  
  117  10:01  Roach  
  122  10:07  Roach x2  
  122  10:12  Roach  
  112  10:15  Roach  
Show
View Real Time Build Order
Export as new Build Order

Lambo Zerg - Winner!

Build Orders: Hatch First 

Get SALT Encoding   

  12  0:00  Drone  
  13  0:12  Overlord  
  13  0:17  Drone  
  14  0:30  Drone x2  
  16  0:49  Hatchery  
  15  0:51  Drone  
  15  0:55  Drone  
  17  0:59  Drone  
  18  1:10  Extractor  
  17  1:13  Spawning Pool  
  17  1:17  Drone  
  17  1:20  Drone  
  18  1:28  Drone  
  19  1:39  Drone  
  20  1:49  Drone  
  21  2:00  Queen x2, Overlord  
  25  2:02  Drone  
  26  2:11  Drone x2  
  28  2:22  Drone  
  29  2:25  Drone  
  30  2:33  Drone x2  
  30  2:36  Queen  
  34  2:43  Lair  
  34  2:45  Evolution Chamber  
  34  2:49  Drone  
  34  2:51  Overlord  
  34  2:55  Roach Warren  
  34  2:56  Zergling x2  
  34  2:58  Drone  
  35  3:08  Drone  
  35  3:10  Drone x5  
  41  3:18  Zerg Missile Weapons Level 1  
  41  3:19  Drone  
  42  3:23  Overlord  
  42  3:26  Extractor  
  41  3:28  Extractor, Drone  
  41  3:30  Drone  
  41  3:32  Drone  
  43  3:35  Drone  
  44  3:43  Drone x2  
  44  3:45  Drone x2  
  44  3:47  Drone x2  
  50  3:48  Glial Reconstitution  
  50  3:56  Overlord  
  50  4:04  Hatchery  
  49  4:11  Evolution Chamber, Roach  
  49  4:12  Overlord  
  49  4:16  Roach  
  52  4:18  Overseer  
  52  4:23  Roach x3  
  57  4:25  Overlord  
  57  4:33  Drone x3  
  57  4:35  Drone x2  
  62  4:39  Drone  
  62  4:43  Zerg Ground Armor Level 1  
  62  4:44  Drone x2  
  65  4:49  Drone x2  
  65  4:50  Extractor, Drone  
  65  4:52  Drone  
  68  4:54  Drone  
  68  4:59  Drone x2  
  71  5:06  Roach x2  
  75  5:11  Overlord  
  75  5:16  Roach  
  75  5:17  Overlord  
  75  5:18  Roach  
  75  5:19  Roach  
  81  5:23  Overlord  
  81  5:27  Overlord  
  81  5:30  Roach x2  
  81  5:31  Roach  
  81  5:34  Roach  
  89  5:36  Roach  
  89  5:37  Ravager  
  89  5:38  Roach x2  
  89  5:42  Roach  
  98  5:47  Roach x3  
  98  5:48  Extractor  
  103  5:53  Roach x3  
  103  5:56  Zerg Missile Weapons Level 2  
  109  5:58  Overlord  
  109  6:00  Roach x2  
  113  6:05  Overlord  
  113  6:09  Overlord  
  113  6:11  Overlord  
  113  6:12  Ravager  
  113  6:13  Overlord  
  113  6:17  Roach x4  
  122  6:21  Overlord  
  122  6:23  Overlord  
  122  6:25  Overlord  
  122  6:30  Overlord  
  122  6:31  Drone x3  
  122  6:32  Drone  
  126  6:34  Ravager  
  126  6:35  Ravager x3  
  126  6:36  Drone  
  126  6:38  Roach x2  
  135  6:42  Ravager  
  136  6:48  Drone x2  
  136  6:49  Drone  
  136  6:51  Extractor, Overlord  
  138  6:56  Overlord  
  138  6:58  Drone x2  
  138  7:00  Drone  
  141  7:03  Roach x3  
  141  7:05  Pneumatized Carapace  
  141  7:08  Roach x4  
  155  7:16  Roach x3  
  155  7:19  Roach x3  
  167  7:28  Hatchery  
  167  7:29  Roach  
  168  7:34  Roach x3  
  174  7:38  Roach x3  
  174  7:41  Roach  
  182  7:47  Roach x3  
  188  7:53  Overseer  
  188  7:56  Roach x3  
  190  8:24  Roach x3  
  190  8:26  Overseer  
  190  8:46  Roach x8  
  186  8:50  Roach x5  
  186  8:53  Roach  
  186  8:54  Roach x3  
  177  8:58  Roach  
  177  9:02  Overseer  
  163  9:04  Roach x3  
  159  9:12  Roach x4  
  153  9:17  Roach x5  
  153  9:21  Roach  
  152  9:28  Roach x3  
  155  9:34  Roach x6  
  155  9:36  Roach x2  
  160  9:38  Roach  
  160  9:39  Roach  
  160  9:41  Overseer  
  160  9:44  Ravager  
  160  9:45  Ravager  
  158  9:46  Ravager x2  
  158  9:52  Roach  
  164  9:53  Roach  
  164  9:54  Ravager  
  164  9:58  Roach x2  
  169  10:00  Ravager  
  169  10:03  Roach  
  169  10:06  Roach x2  
  174  10:14  Roach x3  
Tags
 
Add a new tag
Caveats
  • Supply blocks, unpowered buildings, or Contaminate may cause inaccurate times.
  • Supply counts are checked every 10 seconds.